 Dungeon Crawl Stone Soup version 0.31-a0-321-g19405a7a6a (webtiles) character file.

Game seed: 3824953573393664939

368 LeprechaunX the Changeling (level 6, -1/42 HPs)
             Began as an Octopode Shapeshifter on July 17, 2023.
             Slain by an ice beast (6 damage)
             ... on level 4 of the Dungeon.
             The game lasted 00:04:12 (2616 turns).

LeprechaunX the Changeling (Octopode Shapeshifter)  Turns: 2616, Time: 00:04:12

Health: -1/42      AC:  1    Str: 16    XL:     6   Next: 69%
Magic:  6/6        EV: 14    Int: 10    God:
Gold:   136        SH:  0    Dex: 13    Spells: 5/5 levels left

rFire   . .          .
                       - Unarmed
rCold   . . .        (no shield)
rNeg    . . .        (helmet currently unavailable)
rPois   .            h - amulet of the acrobat
rElec   .            (no ring)
rCorr   .            (no ring)
SInv    .            (no ring)
Will    .....        (no ring)
Stlth   ++           (no ring)
HPRegen 0.27/turn    (no ring)
MPRegen 0.10/turn    (no ring)
                     (no ring)

%: acrobat
@: beast-form
A: beast (slay +3), almost no armour, amphibious, 8 rings, camouflage 1,
gelatinous body 1, (nimble swimmer 1), tentacles
a: Begin Untransformation


You were on level 4 of the Dungeon.
You were a hulking beast.
You visited 1 branch of the dungeon, and saw 4 of its levels.

You collected 136 gold pieces.

Inventory:

Missiles
 e - 4 javelins (quivered)
 i - 3 poisoned darts
Jewellery
 h - an amulet of the acrobat (around mantle)
Talismans
 b - a beast talisman
Wands
 m - a wand of flame (23)
Scrolls
 c - a scroll of torment {unknown}
 d - a scroll of fear {unknown}
 g - 2 scrolls of immolation
 n - 2 scrolls of identify {unknown}
 p - a scroll of enchant armour {unknown}
 q - a scroll of vulnerability {unknown}
Potions
 a - a potion of lignification
 f - 2 potions of attraction {unknown}
 j - 2 potions of brilliance {unknown}
 k - 2 potions of degeneration {unknown}
 l - a potion of curing {unknown}
 o - a potion of haste {unknown}


   Skills:
 + Level 3.2 Fighting
 + Level 3.3 Dodging
 * Level 4.2 Unarmed Combat
 * Level 4.3 Shapeshifting


You had 5 spell levels left.
You didn't know any spells.
Your spell library contained the following spells:

 Spells                   Type           Power      Damage    Failure   Level
 Cigotuvi's Dreadful Rot  Necr/Pois/Air  0%         N/A       50%         2
 Gell's Gravitas          Tloc           0%         N/A       75%         3
 Ignite Poison            Fire/Tmut/Pois 0%         N/A       75%         3
 Teleport Other           Tloc           0%         N/A       75%         3
 Freezing Cloud           Conj/Ice/Air   0%         6-21      100%        5
 Dispersal                Tloc           0%         N/A       100%        6


Dungeon Overview and Level Annotations

Branches:
Dungeon (4/15)
 Temple: D:4-7

Altars:
Trog
Zin

Annotations:
D:2 1 runed translucent door, Crazy Yiuf


Innate Abilities, Weirdness & Mutations

You are a hulking beast.
Your limbs bulge with bestial killing power. (Slay +3)
You cannot wear most types of armour.
You are amphibious.
You can wear up to eight rings at the same time.
Your skin changes colour to match your surroundings (Stealth+).
Your rubbery body absorbs attacks. (AC +1, EV +1)
((You are camouflaged when in or above water. (Stealth+)))
You have tentacles for arms and can constrict up to eight enemies at once.


Message History

You throw a poisoned dart.
The poisoned dart barely misses the ice beast.
Throw: 6 darts (poison)
Press: ? - help, Shift-Dir - straight line, f/p - ice beast
Aim: an ice beast (lightly wounded, very poisoned, 59% to hit)
You throw a poisoned dart.
The poisoned dart closely misses the ice beast.
Throw: 5 darts (poison)
Press: ? - help, Shift-Dir - straight line, f/p - ice beast
Aim: an ice beast (lightly wounded, very poisoned, 59% to hit)
You throw a poisoned dart. The poisoned dart hits the ice beast.
The ice beast is lightly wounded.
Throw: 4 darts (poison)
Press: ? - help, Shift-Dir - straight line, f/p - ice beast
Aim: an ice beast (lightly wounded, very poisoned, 59% to hit)
You throw a poisoned dart.
The poisoned dart barely misses the ice beast.
You tentacle-slap the ice beast but do no damage.
The ice beast is lightly wounded.
The ice beast hits you. The ice beast freezes you!
You tentacle-slap the ice beast but do no damage.
You squeeze the ice beast!
The ice beast is heavily wounded.
The ice beast hits you. The ice beast freezes you!
You closely miss the ice beast.
The ice beast is heavily wounded.
The ice beast hits you but does no damage.
You tentacle-slap the ice beast.
The ice beast is severely wounded.
The ice beast misses you.
You closely miss the ice beast.
The ice beast is severely wounded.
The ice beast hits you. The ice beast freezes you.
* * * LOW HITPOINT WARNING * * *
You closely miss the ice beast.
The ice beast is almost dead.
The ice beast hits you.
* * * LOW HITPOINT WARNING * * *
The ice beast freezes you.
You die...

.. ..# . .........#.. #.# ..#
....(.####...(......# #...
#.###...(... #...#####.##
#...###..##.......###.. ####...
..#................##.# ..#....
..............(.#..#..# .###...
........# #..........# .##....
........# #..Y.#.....##.###...
........### #.h.#.#.......##...
..........####....#.....###....
.......#...##...###......##....
......###..###.....###.........
.###.#####...#.....#.#.#...#...
#....##.............###.#...
#.....##....###...#.....#### ..
#.....#†.....##..#......#
...##.........†......###...##


You could see an ice beast (poisoned).

Vanquished Creatures
  Sigmund (D:2)
  An iguana (D:4)
  Natasha (thrice) (D:2)
  5 adders
  3 dart slugs (D:1)
  7 ball pythons
  5 bats
  5 endoplasms
  6 goblins
  6 hobgoblins
  2 jackals (D:2)
  A kobold (D:1)
  2 quokkas
  A frilled lizard (D:1)
  4 rats
52 creatures vanquished.

Notes
Turn   | Place    | Note
-------+----------+-------------------------------------------
     0 | D:1      | LeprechaunX the Octopode Shapeshifter began the quest for
                  | the Orb.
     0 | D:1      | Reached XP level 1. HP: 14/14 MP: 1/1
   128 | D:1      | Reached XP level 2. HP: 19/19 MP: 2/2
   455 | D:1      | Reached XP level 3. HP: 22/24 MP: 3/3
   693 | D:2      | Noticed Sigmund
   811 | D:2      | Noticed Natasha
   819 | D:2      | Killed Natasha
   820 | D:2      | Reached XP level 4. HP: 7/30 MP: 4/4
  1006 | D:2      | Found a runed translucent door.
  1007 | D:2      | Noticed Crazy Yiuf
  1034 | D:2      | Noticed Natasha
  1048 | D:2      | Killed Natasha
  1311 | D:2      | Killed Sigmund
  1312 | D:2      | Reached XP level 5. HP: 34/36 MP: 5/5
  1312 | D:2      | Reached XP level 6. HP: 39/42 MP: 6/6
  1388 | D:2      | Noticed Natasha
  1396 | D:2      | Killed Natasha
  1819 | D:3      | Found a faded altar of an unknown god.
  2025 | D:3      | Found a glowing silver altar of Zin.
  2521 | D:4      | Noticed an ice beast
  2570 | D:4      | Noticed a black bear
  2571 | D:4      | Found a bloodstained altar of Trog.
  2572 | D:4      | Noticed a black bear
  2616 | D:4      | Slain by an ice beast

Illustrated notes

Levels and vault maps discovered:
D:1:      onia_arrival_pentagram, layout_basic
D:2:      layout_loops_ring, uniq_sigmund, uniq_natasha, uniq_crazy_yiuf_cottage
D:3:      layout_loops_ring, zin_academy, hellmonk_ecumenical_altar_blasted
D:4:      layout_cave_pools, fiery_altar_vehumet, tgw_kikubaaqudgha,
          trog_ov_bears_minmay, minmay_misc_feat_x, kennysheep_generic_room_9

Skill      XL: |  1  2  3  4  5  6 |
---------------+-------------------+-----
Unarmed Combat | 3 4 |  4.2
Fighting       | 3 |  3.2
Dodging        | 3 |  3.3
Shapeshifting  | 4 |  4.3

Action                     |  1- 3 |  4- 6 || total
---------------------------+-------+-------++-------
  Melee: Unarmed           |    43 |    66 ||   109
         Constrict         |    12 |    17 ||    29
         Tentacles         |     8 |    13 ||    21
  Throw: Dart              |       |     6 ||     6
   Stab: Sleeping          |     6 |     5 ||    11
 Armour: Skin              |     6 |     1 ||     7
  Dodge: Dodged            |    41 |    46 ||    87

Table legend: (Time is in decaauts)
 A = Elapsed time spent in this place.
 B = Non-inter-level travel time spent in this place.
 C = Inter-level travel time spent in this place.
 D = Time resting spent in this place.
 E = Time spent auto-exploring this place.
 F = Levels seen in this place.
 G = Mean time per level.
                   A        B        C        D        E       F      G
               +--------+--------+--------+--------+--------+-----+--------+
         Total |   2609 |   2459 |    150 |    271 |   1720 |   4 |  652.2 |
       Dungeon |   2609 |   2459 |    150 |    271 |   1720 |   4 |  652.2 |
               +--------+--------+--------+--------+--------+-----+--------+

Top non-repeatable levels by time:
     D:2: 1070 daAuts
     D:1: 724 daAuts
     D:3: 630 daAuts
     D:4: 183 daAuts
